Unix NetHack Version 5.0.0-0 post-release - last build Jul 14 2026 02:55:29 (1809b74e8187c3a3585e283601c3028b46cbbdcb,branch:main).

Game began 2026-07-18 00:22:07, ended 2026-07-18 13:29:42.

DosFlores, lawful male human Archeologist

                                      -------
                                      |..>..|                    ------------
                                      |.....|                ####...........|
  -----                               |.....|                #   |..........|
  |...|        ----------------    ###......|              ###   |..........|
  |....#####   |.....(........|    #  |.....|         #   ##     -----+---.--
  |..<|########...............|    #  |......####-----.--##               ###
  |....#   #   |...............#####  -------   #|..>...-#                  #
  |...|        ...............|                 #...%...|                   r
  -----        ----------------                  |......|           --------@-
                                                 --------           |......@r|
                                                                    |!!!!!!.d|
                                                                    |!!!!!r!.|
                                                                    ----------

DosFlores the Field Worker  St:12 Dx:8 Co:15 In:15 Wi:17 Ch:8  Lawful
Dlvl:3  $:49 HP:0(24) Pw:15(15) AC:2  Xp:3 T:1266  Burdened

Latest messages:
 You have a little trouble lifting v - a potion called gabil/glvl/paral [d grn].
 What do you want to drink? [elv or ?*] v
 Your feet are frozen to the doorway!
 The wererat changes into a rat.
 The wererat bites!
 The wererat changes into a human.
 The wererat misses!
 The wererat changes into a rat.
 The wererat bites!
 The wererat bites!
 You avoid harm.
 The wererat bites!
 The wererat summons help!
 A sewer rat suddenly appears next to you!
 A giant rat suddenly appears close by!
 A sewer rat suddenly appears close by!
 The wererat bites!
 You feel feverish.
 The little dog bites the giant rat.
 The giant rat is killed!
 Your little dog eats a giant rat corpse.
 The sewer rat bites!
 The wererat bites!
 The sewer rat misses!
 The wererat summons help!
 A sewer rat suddenly appears close by!
 The wererat bites!
 The sewer rat bites!
 The wererat misses!
 The little dog misses the sewer rat.
 The little dog bites the sewer rat.
 The sewer rat bites the little dog.
 The sewer rat bites!
 The wererat changes into a human.
 The wererat hits!
 The little dog misses the sewer rat.
 The little dog misses the sewer rat.
 The sewer rat misses!
 The wererat changes into a rat.
 The wererat bites!
 The little dog bites the sewer rat.
 The sewer rat is killed!
 The wererat bites!
 The little dog misses the sewer rat.
 The wererat bites!
 You die...
 Njezjin gratefully inherits all your possessions.
 Do you want to see what you had when you died? [ynq] (y) y
 Do you want to see your attributes? [ynq] (y) y
 Do you want an account of creatures vanquished? [ynaq] (y) q

Inventory:
 Coins    ('$')
  $ - 49 gold pieces
 Weapons  (')')
  a - a +2 bullwhip (weapon in left hand)
 Armor    ('[')
  c - an uncursed +0 fedora
  t - an uncursed +0 orcish helm (being worn)
  r - an uncursed +0 crystal plate mail (being worn)
 Comestibles  ('%')
  d - 4 uncursed food rations
  k - an uncursed lichen corpse
 Scrolls  ('?')
  o - an uncursed scroll of identify
  p - a cursed scroll of identify
 Potions  ('!')
  l - an uncursed potion of confusion
  e - a blessed potion of enlightenment
 Rings    ('=')
  u - an uncursed ring of free action
 Wands    ('/')
  q - a wand of cold (0:5)
  n - a wand of light (0:11)
  i - a wand of magic missile (0:7)
 Tools    ('(')
  h - an empty uncursed sack
  m - a magic marker (0:92)
  f - a tinning kit (0:73)
 Gems/Stones  ('*')
  g - an uncursed touchstone

DosFlores the Archeologist's attributes:

Background:
 You were a Field Worker, a level 3 male human Archeologist.
 You were lawful, nominally on a mission for Quetzalcoatl
 who was opposed by Camaxtli (neutral) and Huhetotl (chaotic).
 You were left-handed.
 You were in the Dungeons of Doom, on level 3.
 You entered the dungeon 1266 turns ago.
 You had 58 experience points, 22 more were needed to attain level 4.

Basics:
 You had 0 out of 24 hit points.
 You had all 15 energy points (spell power).
 Your armor class was 2.
 Your wallet contained 49 zorkmids.
 Autopickup was off.

Final Characteristics:
 Your strength was 12 (limit:18/100).
 Your dexterity was 8 (limit:18).
 Your constitution was 15 (limit:18).
 Your intelligence was 15 (limit:18).
 Your wisdom was 17 (limit:18).
 Your charisma was 8 (limit:18).

Final Status:
 You weren't hungry.
 You were burdened; movement was slightly slowed.
 You were wielding a whip.
 You had basic skill with whip.

Final Attributes:
 You were devoutly aligned.
 You were level-drain resistant.
 You had automatic searching.
 You were guarded.
 You were a wererat.
 You were harmed by silver.
 You are dead.

Miscellaneous:
 You didn't encounter any bones levels.
 Total elapsed playing time was 27 minutes and 19 seconds.

Major events:
 Turn
    1: DosFlores the lawful male human Archeologist entered the dungeon
 1049: attained the rank of Field Worker (level 3)
 1266: killed by a wererat, while frozen by a potion

You didn't know any spells.

Skills:
 Fighting Skills
   bare handed combat [Unskilled]
   two weapon combat  [Unskilled]
   riding             [Unskilled]
 Weapon Skills
   dagger             [Unskilled]
   knife              [Unskilled]
   pick-axe           [Basic]
   short sword        [Unskilled]
   saber              [Unskilled]
   club               [Unskilled]
   quarterstaff       [Unskilled]
   sling              [Unskilled]
   dart               [Unskilled]
   boomerang          [Unskilled]
   whip               [Basic]
   unicorn horn       [Unskilled]
 Spellcasting Skills
   attack spells      [Unskilled]
   healing spells     [Unskilled]
   divination spells  [Unskilled]
   matter spells      [Unskilled]

Voluntary challenges:
 Character rerolling was not enabled.
 You were an atheist.
 You never genocided any monsters.
 You never polymorphed an object.
 You never changed form.
 You used no wishes.
Achievements:
 You entered a shop.
 You attained the rank of Field Worker.

 The Dungeons of Doom: levels 1 to 3
    Level 1:
       Some fountains.
    Level 2:
       A general store, some fountains, a sink.
    Level 3: <- You were here.
       A potion shop.
       Final resting place for
          you, killed by a wererat, while frozen by a potion.


Vanquished creatures:
  a dwarf zombie
  a giant rat
  a gnome
  a gnome zombie
  2 geckos
  3 jackals
  3 goblins
  3 sewer rats
  2 bats
  a lichen
  3 newts
21 creatures vanquished.

No species were genocided or became extinct.

Game over:
                       ----------
                      /          \
                     /    REST    \
                    /      IN      \
                   /     PEACE      \
                  /                  \
                  |    DosFlores     |
                  |      49 Au       |
                  |   killed by a    |
                  |     wererat      |
                  |                  |
                  |                  |
                  |       2026       |
                 *|     *  *  *      | *
        _________)/\\_//(\/(/\)/\//\/|_)_______

Goodbye DosFlores the Archeologist...

You died in The Dungeons of Doom on dungeon level 3 with 397 points,
and 49 pieces of gold, after 1266 moves.
You were level 3 with a maximum of 24 hit points when you died.

